[ AOE2 MATCH · #495563284 ]
UnrankedMongols vs Wei
Player's team · WIN
[ REPLAY ANALYSIS · EXTRACTED FROM THE RECORDED GAME ]
Feudal
8:42
Castle
22:54
Imperial
40:19
| APM avg | 40.8 |
| APM peak | 92 |
| eAPM avg | 18.9 |
| Villagers / military | 130 / 139 |
Focus
⚔️ 36.9% · 🌾 63.1%
Scout Cavalry ×50 · Archer ×38 · Battering Ram ×17 · Trebuchet (Packed) ×13 · Militia ×8 · Mangudai ×7
Feudal
11:39
Castle
26:49
Imperial
40:42
| APM avg | 26.0 |
| APM peak | 41 |
| eAPM avg | 16.7 |
| Villagers / military | 98 / 9 |
Focus
⚔️ 22.0% · 🌾 78.0%
Unknown (1949) ×8 · Skirmisher ×5 · Mangonel ×4 · Unknown (1942) ×4
Match map
Initial resources + every placement click. Lines = walls · curves = elevation contours. ◆ gold · ⬟ stone · ● berries · ✦ relic · ◌ wall gap
Your base· Open — unwalled flank
Mugen's base· Open — 2t gap
Smoothed initial terrain · ◌ = detected wall gap · hover for details
Inputs per minute
— DS_Rene Lavand - - Mugen
Build order — DS_Rene Lavand
First 150 of 439 actions detected
| 0:03 | Build | Town Center |
| 1:07 | Create | Villager (Male) |
| 1:07 | Create | Villager (Male) |
| 1:07 | Create | Villager (Male) |
| 1:07 | Create | Villager (Male) |
| 1:07 | Create | Villager (Male) |
| 1:50 | Create | Villager (Male) |
| 1:50 | Create | Villager (Male) |
| 2:25 | Build | Lumber Camp |
| 2:50 | Create | Villager (Male) |
| 2:51 | Create | Villager (Male) |
| 2:51 | Create | Villager (Male) |
| 2:51 | Create | Villager (Male) |
| 3:06 | Create | Villager (Male) |
| 3:06 | Create | Villager (Male) |
| 3:54 | Create | Villager (Male) |
| 3:56 | Build | Mill |
| 4:07 | Create | Villager (Male) |
| 4:07 | Create | Villager (Male) |
| 5:30 | Create | Villager (Male) |
| 5:54 | Build | Barracks |
| 6:00 | Research | Loom |
| 6:11 | Research | Feudal Age |
| 6:42 | Build | House |
| 6:51 | Create | Militia |
| 6:51 | Create | Militia |
| 6:51 | Create | Militia |
| 6:51 | Create | Militia |
| 6:59 | Create | Militia |
| 6:59 | Create | Militia |
| 6:59 | Create | Militia |
| 7:23 | Create | Militia |
| 8:42 | Age | Feudal Age |
| 8:45 | Build | Archery Range |
| 8:46 | Research | Man-at-Arms (upgrade) |
| 8:46 | Create | Villager (Male) |
| 8:47 | Create | Villager (Male) |
| 8:47 | Create | Villager (Male) |
| 8:47 | Create | Villager (Male) |
| 8:47 | Create | Villager (Male) |
| 8:48 | Create | Villager (Male) |
| 8:52 | Build | House |
| 8:53 | Build | House |
| 9:27 | Create | Archer |
| 9:27 | Create | Archer |
| 9:27 | Create | Archer |
| 9:27 | Create | Archer |
| 9:36 | Create | Villager (Male) |
| 9:38 | Create | Archer |
| 9:38 | Create | Archer |
| 9:38 | Create | Archer |
| 10:06 | Build | Blacksmith |
| 10:10 | Build | House |
| 10:22 | Create | Archer |
| 10:22 | Create | Archer |
| 10:46 | Create | Villager (Male) |
| 11:18 | Create | Archer |
| 11:18 | Create | Archer |
| 11:18 | Create | Archer |
| 11:18 | Create | Archer |
| 11:27 | Build | Watch Tower |
| 11:31 | Create | Villager (Male) |
| 11:31 | Create | Villager (Male) |
| 11:31 | Create | Villager (Male) |
| 11:31 | Create | Villager (Male) |
| 11:36 | Build | Mining Camp |
| 12:18 | Research | Fletching |
| 12:19 | Create | Villager (Male) |
| 12:19 | Create | Villager (Male) |
| 12:35 | Build | Palisade Wall |
| 12:36 | Build | Palisade Wall |
| 12:36 | Build | Palisade Wall |
| 12:36 | Build | Palisade Wall |
| 12:36 | Build | Palisade Wall |
| 12:37 | Build | Palisade Wall |
| 12:37 | Build | Palisade Wall |
| 12:37 | Build | Palisade Wall |
| 12:37 | Build | Palisade Wall |
| 12:37 | Build | Palisade Wall |
| 12:38 | Build | Palisade Wall |
| 12:38 | Build | Palisade Wall |
| 12:38 | Build | Palisade Wall |
| 12:46 | Create | Villager (Male) |
| 12:46 | Create | Villager (Male) |
| 12:46 | Create | Villager (Male) |
| 12:46 | Create | Villager (Male) |
| 12:47 | Create | Villager (Male) |
| 13:37 | Create | Archer |
| 13:37 | Create | Archer |
| 13:37 | Create | Archer |
| 13:53 | Create | Archer |
| 13:53 | Create | Archer |
| 13:54 | Create | Archer |
| 14:03 | Create | Villager (Male) |
| 14:04 | Create | Villager (Male) |
| 14:04 | Create | Villager (Male) |
| 14:06 | Build | Farm |
| 14:10 | Build | Farm |
| 14:11 | Build | Farm |
| 14:11 | Build | Farm |
| 14:11 | Build | Farm |
| 14:11 | Build | Farm |
| 14:12 | Build | Farm |
| 14:12 | Build | Farm |
| 14:13 | Create | Villager (Male) |
| 14:14 | Create | Villager (Male) |
| 14:14 | Create | Villager (Male) |
| 14:14 | Create | Villager (Male) |
| 14:14 | Create | Villager (Male) |
| 14:18 | Build | Watch Tower |
| 15:26 | Create | Villager (Male) |
| 15:50 | Create | Archer |
| 15:50 | Create | Archer |
| 15:50 | Create | Archer |
| 15:50 | Create | Archer |
| 15:53 | Create | Villager (Male) |
| 15:54 | Create | Villager (Male) |
| 15:54 | Create | Villager (Male) |
| 16:09 | Create | Villager (Male) |
| 16:35 | Create | Archer |
| 16:35 | Create | Archer |
| 16:41 | Build | Mill |
| 16:59 | Build | House |
| 17:02 | Build | House |
| 17:20 | Build | Watch Tower |
| 17:42 | Create | Archer |
| 17:42 | Create | Archer |
| 17:43 | Create | Villager (Male) |
| 17:47 | Build | Market |
| 18:30 | Build | Watch Tower |
| 18:41 | Create | Villager (Male) |
| 18:44 | Create | Villager (Male) |
| 19:13 | Create | Villager (Male) |
| 19:39 | Build | Watch Tower |
| 20:14 | Research | Castle Age |
| 20:23 | Create | Archer |
| 20:23 | Create | Archer |
| 20:38 | Build | House |
| 20:45 | Build | House |
| 21:17 | Create | Archer |
| 21:17 | Create | Archer |
| 21:18 | Create | Archer |
| 21:18 | Create | Archer |
| 21:39 | Create | Archer |
| 21:39 | Create | Archer |
| 21:39 | Create | Archer |
| 21:43 | Build | Watch Tower |
| 21:57 | Build | Mill |
| 22:24 | Build | Watch Tower |
| 22:33 | Create | Archer |
Build order — Mugen
First 150 of 271 actions detected
| 0:29 | Build | Town Center |
| 1:30 | Create | Villager (Male) |
| 1:31 | Create | Villager (Male) |
| 1:31 | Create | Villager (Male) |
| 1:31 | Create | Villager (Male) |
| 1:31 | Create | Villager (Male) |
| 2:50 | Create | Villager (Male) |
| 3:13 | Create | Villager (Male) |
| 3:56 | Build | Mill |
| 3:59 | Create | Villager (Male) |
| 4:00 | Create | Villager (Male) |
| 4:17 | Create | Villager (Male) |
| 4:17 | Create | Villager (Male) |
| 4:18 | Create | Villager (Male) |
| 5:10 | Create | Villager (Male) |
| 5:10 | Create | Villager (Male) |
| 6:22 | Build | House |
| 6:24 | Build | Palisade Wall |
| 6:28 | Create | Villager (Male) |
| 6:29 | Create | Villager (Male) |
| 7:03 | Build | Palisade Gate |
| 7:07 | Build | Palisade Wall |
| 7:21 | Create | Villager (Male) |
| 7:22 | Create | Villager (Male) |
| 7:29 | Build | Palisade Wall |
| 7:35 | Build | Palisade Wall |
| 7:36 | Build | Palisade Gate |
| 7:41 | Build | Palisade Wall |
| 8:18 | Build | House |
| 8:19 | Build | House |
| 8:24 | Create | Villager (Male) |
| 8:34 | Create | Villager (Male) |
| 8:39 | Build | Lumber Camp |
| 8:42 | Build | Mining Camp |
| 8:51 | Build | Palisade Wall |
| 8:55 | Build | Palisade Wall |
| 9:00 | Create | Villager (Male) |
| 9:02 | Research | Loom |
| 9:26 | Build | Palisade Wall |
| 9:29 | Research | Feudal Age |
| 9:58 | Build | House |
| 10:00 | Build | House |
| 10:01 | Build | Palisade Wall |
| 10:51 | Create | Villager (Male) |
| 10:52 | Create | Villager (Male) |
| 10:52 | Create | Villager (Male) |
| 11:24 | Build | Barracks |
| 11:36 | Build | Palisade Wall |
| 11:39 | Age | Feudal Age |
| 11:48 | Build | Watch Tower |
| 11:50 | Create | Villager (Male) |
| 11:50 | Create | Villager (Male) |
| 11:51 | Create | Villager (Male) |
| 11:57 | Build | Watch Tower |
| 12:19 | Create | Villager (Male) |
| 12:19 | Create | Villager (Male) |
| 12:20 | Create | Villager (Male) |
| 12:46 | Build | Blacksmith |
| 12:54 | Build | Palisade Wall |
| 13:10 | Create | Villager (Male) |
| 13:10 | Create | Villager (Male) |
| 13:18 | Build | House |
| 13:27 | Build | Palisade Wall |
| 13:34 | Create | Villager (Male) |
| 13:34 | Create | Villager (Male) |
| 13:58 | Create | Villager (Male) |
| 13:58 | Create | Villager (Male) |
| 14:09 | Build | Watch Tower |
| 14:12 | Research | Fletching |
| 14:37 | Build | Mining Camp |
| 14:51 | Build | House |
| 15:00 | Build | House |
| 15:32 | Build | Palisade Wall |
| 16:01 | Build | Farm |
| 16:03 | Build | Farm |
| 16:09 | Build | Farm |
| 16:25 | Build | Farm |
| 16:26 | Build | Farm |
| 16:43 | Build | Palisade Wall |
| 16:49 | Create | Villager (Male) |
| 16:57 | Build | Mill |
| 17:01 | Build | Palisade Wall |
| 17:13 | Build | Watch Tower |
| 17:28 | Build | Farm |
| 17:44 | Build | Lumber Camp |
| 17:46 | Create | Villager (Male) |
| 17:57 | Build | Farm |
| 18:33 | Build | Market |
| 18:52 | Build | Stone Wall |
| 19:16 | Build | Watch Tower |
| 19:25 | Research | Horse Collar |
| 19:26 | Research | Double-Bit Axe |
| 19:33 | Build | House |
| 19:35 | Build | House |
| 20:12 | Create | Villager (Male) |
| 20:12 | Create | Villager (Male) |
| 20:44 | Build | Watch Tower |
| 20:51 | Build | Palisade Wall |
| 21:09 | Build | Lumber Camp |
| 21:34 | Build | Mill |
| 21:37 | Build | Farm |
| 21:39 | Build | Farm |
| 21:40 | Build | Farm |
| 22:00 | Create | Villager (Male) |
| 22:00 | Create | Villager (Male) |
| 22:03 | Build | Farm |
| 22:05 | Build | Farm |
| 22:45 | Build | Watch Tower |
| 23:54 | Build | Farm |
| 24:09 | Research | Castle Age |
| 25:22 | Build | Stone Wall |
| 25:37 | Build | Mill |
| 25:42 | Build | Stone Wall |
| 26:49 | Age | Castle Age |
| 27:01 | Build | Castle |
| 27:15 | Create | Villager (Male) |
| 27:16 | Create | Villager (Male) |
| 27:16 | Create | Villager (Male) |
| 27:17 | Create | Villager (Male) |
| 27:17 | Create | Villager (Male) |
| 28:08 | Build | Siege Workshop |
| 28:45 | Create | Villager (Male) |
| 28:49 | Build | Farm |
| 28:50 | Build | Farm |
| 28:50 | Build | Farm |
| 28:52 | Build | Farm |
| 28:54 | Build | Farm |
| 29:10 | Create | Unit 1949 |
| 29:31 | Build | Stone Wall |
| 29:45 | Build | Farm |
| 30:21 | Create | Mangonel |
| 30:28 | Build | Lumber Camp |
| 30:35 | Build | Farm |
| 30:37 | Build | Farm |
| 30:38 | Build | Farm |
| 31:06 | Create | Villager (Male) |
| 31:07 | Create | Villager (Male) |
| 31:07 | Create | Villager (Male) |
| 31:07 | Create | Villager (Male) |
| 31:07 | Create | Villager (Male) |
| 31:31 | Create | Mangonel |
| 31:48 | Create | Villager (Male) |
| 31:48 | Create | Villager (Male) |
| 31:55 | Build | Farm |
| 32:01 | Build | Mining Camp |
| 32:15 | Create | Villager (Male) |
| 32:25 | Create | Villager (Male) |
| 33:04 | Build | Farm |
| 33:04 | Build | Farm |
| 33:05 | Build | Farm |
Match timeline
| 5:54 | DS_Rene Lavand · first_building Barracks |
| 6:24 | Mugen · wall_segment Palisade Wall x1 |
| 7:07 | Mugen · wall_segment Palisade Wall x5 |
| 7:29 | Mugen · wall_segment Palisade Wall x3 |
| 7:35 | Mugen · wall_segment Palisade Wall x3 |
| 7:41 | Mugen · wall_segment Palisade Wall x3 |
| 8:42 | DS_Rene Lavand · age_up feudal |
| 8:45 | DS_Rene Lavand · first_building Archery Range |
| 8:51 | Mugen · wall_segment Palisade Wall x2 |
| 8:55 | Mugen · wall_segment Palisade Wall x4 |
| 9:26 | Mugen · wall_segment Palisade Wall x7 |
| 10:01 | Mugen · wall_segment Palisade Wall x2 |
| 11:24 | Mugen · first_building Barracks |
| 11:36 | Mugen · wall_segment Palisade Wall x3 |
| 11:39 | Mugen · age_up feudal |
| 12:35 | DS_Rene Lavand · wall_segment Palisade Wall x1 |
| 12:36 | DS_Rene Lavand · wall_segment Palisade Wall x1 |
| 12:36 | DS_Rene Lavand · wall_segment Palisade Wall x1 |
| 12:36 | DS_Rene Lavand · wall_segment Palisade Wall x1 |
| 12:36 | DS_Rene Lavand · wall_segment Palisade Wall x1 |
| 12:37 | DS_Rene Lavand · wall_segment Palisade Wall x1 |
| 12:37 | DS_Rene Lavand · wall_segment Palisade Wall x1 |
| 12:37 | DS_Rene Lavand · wall_segment Palisade Wall x2 |
| 12:37 | DS_Rene Lavand · wall_segment Palisade Wall x1 |
| 12:37 | DS_Rene Lavand · wall_segment Palisade Wall x2 |
| 12:38 | DS_Rene Lavand · wall_segment Palisade Wall x2 |
| 12:38 | DS_Rene Lavand · wall_segment Palisade Wall x1 |
| 12:38 | DS_Rene Lavand · wall_segment Palisade Wall x1 |
| 12:54 | Mugen · wall_segment Palisade Wall x5 |
| 13:27 | Mugen · wall_segment Palisade Wall x6 |
| 15:32 | Mugen · wall_segment Palisade Wall x6 |
| 16:43 | Mugen · wall_segment Palisade Wall x1 |
| 17:01 | Mugen · wall_segment Palisade Wall x5 |
| 18:42 | DS_Rene Lavand · first_market_sell 100 wood |
| 18:52 | Mugen · wall_segment Stone Wall x11 |
| 20:51 | Mugen · wall_segment Palisade Wall x1 |
| 22:54 | DS_Rene Lavand · age_up castle |
| 23:24 | DS_Rene Lavand · first_building Siege Workshop |
| 23:39 | Mugen · first_market_buy 100 food |
| 23:47 | Mugen · first_market_sell 100 wood |
| 24:33 | DS_Rene Lavand · first_market_buy 100 wood |
| 25:22 | Mugen · wall_segment Stone Wall x4 |
| 25:42 | Mugen · wall_segment Stone Wall x5 |
| 26:49 | Mugen · age_up castle |
| 27:01 | Mugen · first_building Castle |
| 27:21 | DS_Rene Lavand · first_building Castle |
| 28:08 | Mugen · first_building Siege Workshop |
| 29:31 | Mugen · wall_segment Stone Wall x4 |
| 31:01 | DS_Rene Lavand · first_building Monastery |
| 39:29 | DS_Rene Lavand · first_building Stable |
| 40:19 | DS_Rene Lavand · age_up imperial |
| 40:42 | Mugen · age_up imperial |
| 41:39 | Mugen · first_building Archery Range |
| 47:27 | Mugen · resign |
[ AI ANALYSIS · 1 CREDIT ]
What really happened in this match?
Wolo.gg analyzes every decision: build order, eco, micro, common mistakes by bracket. Personalized analysis on WhatsApp or Discord in 30 seconds.
Civ guide
Mongols
Perfil
DS_Rene Lavand